 Dungeon Crawl Stone Soup version 0.28.0-47-ge53b351184 (webtiles) character file.

Game seed: 11912921782358409186

18 NinjaNoafa the Chopper (level 2, -3/27 HPs)
             Began as a Minotaur Monk on May 3, 2022.
             Slain by a hobgoblin (5 damage)
             ... on level 1 of the Dungeon.
             The game lasted 00:00:56 (371 turns).

NinjaNoafa the Chopper (Minotaur Monk)               Turns: 371, Time: 00:00:57

Health: -3/27      AC:  2    Str: 15    XL:     2   Next: 51%
Magic:  1/1        EV: 12    Int:  7    God:
Gold:   15         SH:  0    Dex: 12    Spells: 1/1 levels left

rFire   . . .      SeeInvis .   a - +0 hand axe
rCold   . . .      Faith    .   h - orb {mayhem}
rNeg    . . .      Spirit   .   b - +0 robe
rPois   .          Reflect  .   (helmet restricted)
rElec   .          Harm     .   (no cloak)
rCorr   .          Rampage  .   (no gloves)
Will    .....                   (no boots)
Stlth   ++........              (no amulet)
HPRegen 0.09/turn               (no ring)
MPRegen 0.07/turn               (no ring)

@: no status effects
A: horns 2, retaliatory headbutt
a: no special abilities


You were on level 1 of the Dungeon.
You visited 1 branch of the dungeon, and saw 1 of its levels.

You collected 15 gold pieces.

Inventory:

Hand Weapons
 a - a +0 hand axe (weapon)
Missiles
 c - 6 boomerangs (quivered)
Armour
 b - a +0 robe (worn)
 h - an orb of mayhem (worn)
Scrolls
 d - 2 scrolls of identify {unknown}
 e - a scroll of acquirement {unknown}
 f - a scroll of vulnerability {unknown}
 i - a scroll of enchant armour {unknown}
Potions
 g - a potion of brilliance {unknown}


   Skills:
 + Level 3.9 Fighting
 + Level 3.9 Axes
 * Level 1.9 Armour
 - Level 3.2 Dodging
 - Level 1.5 Stealth


You had one spell level left.
You didn't know any spells.
Your spell library was empty.

Dungeon Overview and Level Annotations

Branches:
Dungeon (1/15)

Altars:


Innate Abilities, Weirdness & Mutations

You have a pair of horns on your head.
You reflexively headbutt those who attack you in melee.


Message History

A bat comes into view.
You hit the rat but do no damage. The rat barely misses you.
You furiously retaliate!
You headbutt the rat.
You kill the rat!
The hobgoblin shouts!
The hobgoblin flies into a frenzy!
You hear a shout!
A hobgoblin comes into view.
Found a robe and 16 gold pieces.
The hobgoblin shouts!
The bat closely misses you. The hobgoblin barely misses you.
You see here a rat corpse.
You hit the bat.
You kill the bat!
The hobgoblin flies into a frenzy!
The hobgoblin hits you but does no damage.
The hobgoblin hits you. The hobgoblin hits you. The hobgoblin hits you.
You hear a shout!
The hobgoblin barely misses you. The hobgoblin barely misses you.
The hobgoblin hits you.
* * * LOW HITPOINT WARNING * * *
The hobgoblin misses you. The hobgoblin barely misses you.
Keep disrobing? [Y]es or [N]o only, please.
Keep disrobing?
You stop removing your armour.
The hobgoblin closely misses you.
You start removing your armour.
You continue taking off your orb of mayhem.
The hobgoblin barely misses you. x2
You continue taking off your orb of mayhem.
The hobgoblin hits you.
Keep disrobing?
* * * LOW HITPOINT WARNING * * *
You continue taking off your orb of mayhem.
The hobgoblin hits you.
You die...

#######.# #.....†
#.†.....# #......
#.#########
#...... #.#
.....## #...≈≈.
###'#+#.......
......≈.
#.............
........
#.............
........
#.............
.......
#.....@#### ....#
#.....g# ....
#......##########
...
#...............#
##
#......g........#
#...............#
########.^.######
# ###g..# #
#.....# #


You could see a hobgoblin, a goblin and a neutral hobgoblin (fast, strong,
insane).

Vanquished Creatures
  5 bats (D:1)
  2 endoplasms (D:1)
  2 giant cockroaches (D:1)
  2 goblins (D:1)
  2 hobgoblins (D:1)
  A kobold (D:1)
  3 rats (D:1)
17 creatures vanquished.

Vanquished Creatures (others)
  A hobgoblin (D:1)
1 creature vanquished.

Grand Total: 18 creatures vanquished

Notes
Turn   | Place    | Note
-------+----------+-------------------------------------------
     0 | D:1      | NinjaNoafa the Minotaur Monk began the quest for the Orb.
     0 | D:1      | Reached XP level 1. HP: 19/19 MP: 0/0
    72 | D:1      | Reached skill level 1 in Armour
   189 | D:1      | Reached XP level 2. HP: 25/27 MP: 1/1
   371 | D:1      | Slain by a hobgoblin

Illustrated notes

Levels and vault maps discovered:
D:1:      roderic_dead_forest, layout_basic,
          shapermc_ecumenical_altar_mp_urbaneastern,
          kennysheep_decorative_pillar

Skill      XL: |  1 |
---------------+----+-----
Armour         | 1 |  1.9
Fighting       | |  3.9
Axes           | |  3.9
Dodging        | |  3.2
Stealth        | |  1.5

Action                   || total
-------------------------++-------
Melee: Hand axe          ||    28
       Headbutt          ||     2
 Stab: Sleeping          ||     5
Armor: Robe              ||     9
Dodge: Dodged            ||    27
